 Dungeon Crawl Stone Soup version 0.26.0-20-g3ca415f5b8 (webtiles) character file.

Game seed: 16300412430071739931

2921 thiole the Fighter (level 9, 0/67 HPs)
             Began as an Octopode Hedge Wizard on Jan 25, 2021.
             Was an Initiate of Gozag.
             Slain by an orc warrior
             ... wielding a +0 halberd
              (21 damage)
             ... on level 7 of the Dungeon.
             The game lasted 00:27:45 (11500 turns).

thiole the Fighter (Octopode Hedge Wizard)         Turns: 11500, Time: 00:27:46

Health: 0/67       AC:  8    Str:  9    XL:     9   Next: 79%
Magic:  11/15      EV: 21    Int: 20    God:    Gozag
Gold:   552        SH:  0    Dex: 11    Spells: 10/16 levels left

rFire    . . .     SeeInvis .   u - +0 short sword (protect)
rCold    . . .     Faith    .   (no shield)
rNeg     . . .     Spirit   .   b - +0 hat
rPois    .         Reflect  .   (no amulet)
rElec    .         Harm     .   c - +4 ring of evasion
rCorr    .         Rampage  .   (no ring)
Will     .....                  (no ring)
Stlth    ++++......             (no ring)
HPRegen  0.21/turn              (no ring)
MPRegen  0.14/turn              (no ring)
                                (no ring)
                                (no ring)

@: protection aura
A: almost no armour, stealthy swim, amphibious, 8 rings, constrict 8, camouflage
1, gelatinous body 1
a: Renounce Religion, Potion Petition, Call Merchant, Bribe Branch


You were on level 7 of the Dungeon.
You worshipped Gozag.
Gozag was pleased with you.
You visited 2 branches of the dungeon, and saw 8 of its levels.
You also visited: Sewer.

You collected 628 gold pieces.
You paid 76 gold pieces to Gozag.

Inventory:

Hand Weapons
 n - a +1 dagger of freezing
 u - a +0 short sword of protection (weapon)
Missiles
 j - 66 sling bullets
 p - 238 stones
 s - 34 poisoned darts (quivered)
Armour
 b - a +0 hat (worn)
Jewellery
 c - a +4 ring of evasion (left tentacle)
Wands
 t - a wand of flame (6)
Scrolls
 a - 2 scrolls of remove curse {unknown}
 f - 2 scrolls of enchant weapon {unknown}
 h - 3 scrolls of magic mapping {unknown}
 i - 3 scrolls of enchant armour {unknown}
 l - a scroll of fog {unknown}
 o - 2 scrolls of random uselessness {unknown}
 q - a scroll of noise {unknown}
 v - 3 scrolls of amnesia
 w - a scroll of fear {unknown}
 y - a scroll of blinking {unknown}
 A - a scroll of teleportation {unknown}
Potions
 d - 3 potions of brilliance
 e - a potion of resistance
 g - a potion of magic
 k - 2 potions of haste
 m - 4 potions of curing
 r - a potion of cancellation
 x - 2 potions of might
 z - 3 potions of flight
 B - a potion of invisibility


   Skills:
 * Level 8.4 Fighting
 + Level 2.6 Throwing
 * Level 8.0 Dodging
 - Level 5.0 Stealth
 - Level 4.0 Spellcasting
 - Level 2.0 Conjurations
 - Level 2.0 Summonings
 - Level 1.0 Translocations
 - Level 2.0 Air Magic
 - Level 2.0 Poison Magic


You had 10 spell levels left.
You knew the following spells:

 Your Spells              Type           Power        Failure   Level
a - Magic Dart            Conj           48%          5%          1
b - Call Imp              Summ           12%          9%          2
d - Mephitic Cloud        Conj/Pois/Air  12%          17%         3

Your spell library contained the following spells:

 Spells                   Type           Power        Failure   Level
 Blink                    Tloc           N/A          13%         2
 Slow                     Hex            4%           19%         2
 Conjure Flame            Conj/Fire      8%           26%         3


Dungeon Overview and Level Annotations

Branches:
Dungeon (7/15)             Temple (1/1) D:6           Sewer (visited)

Altars:
Ashenzari
Cheibriados
Elyvilon
Fedhas
Gozag
Kikubaaqudgha
Makhleb
Nemelex Xobeh
Okawaru
Qazlal
Ru
Sif Muna
Trog
Uskayaw
Vehumet
Wu Jian
Xom
Yredelemnul
Zin
The Shining One
Lugonu

Shops:
D:6 =

Portals:
Abyss: D:7


Innate Abilities, Weirdness & Mutations

You cannot wear most types of armour.
You are very stealthy in the water. (Stealth+)
You are amphibious.
You can wear up to eight rings at the same time.
You can use your tentacles to constrict eight enemies at once.
Your skin changes colour to match your surroundings (Stealth+).
Your rubbery body absorbs attacks. (AC +1, EV +1)


Message History

The orc warrior is heavily wounded.
You constrict the orc warrior, but do no damage.
The orc warrior misses you.
You hit the orc warrior but do no damage.
The orc warrior is heavily wounded.
You constrict the orc warrior. The orc warrior misses you.
You hit the orc warrior. You squeeze the orc warrior.
The orc warrior is severely wounded.
You constrict the orc warrior.
The orc warrior hits you with a +0 halberd!
You hit the orc warrior.
The orc warrior is almost dead.
You constrict the orc warrior. The orc warrior barely misses you.
You hit the orc warrior but do no damage.
You squeeze the orc warrior, but do no damage.
The orc warrior is almost dead.
You constrict the orc warrior.
The orc warrior hits you with a +0 halberd!!
You die...
Your body crumbles into a pile of gold.

###### #....#
#...)#
#....######.#..
#...(..@onoo..(
#....#####o(##(
#....# # #....#
####.# #.# #.#
. #.# #. #.#
#.#


You could see an orc warrior, a necrophage and 3 orcs.

Vanquished Creatures
  Pikel (D:5)
  Sigmund (D:3)
  An ice beast (D:5)
  2 sky beasts
  A phantom (D:5)
  3 ogres
  3 centaurs
  A lemure (D:5)
  A bullfrog (D:6)
  5 scorpions
  2 howler monkeys
  4 hounds
  2 jellies
  6 orc priests
  7 orc wizards
  Terence (D:3)
  A bullfrog skeleton (D:6)
  6 worker ants
  Robin (D:3)
  8 adders
  7 river rats
  A shadow imp (D:5)
  An ufetubus (D:6)
  An ooze (D:4)
  An adder skeleton (D:4)
  2 worms (D:3)
  3 dart slugs
  2 leopard geckos
  21 orcs
  7 ball pythons
  4 bats
  6 giant cockroaches
  10 goblins
  5 hobgoblins
  4 jackals (D:2)
  4 quokkas
  3 frilled lizards
  31 kobolds
  25 rats
195 creatures vanquished.

Vanquished Creatures (collateral kills)
  Menkaure (D:7)
  An orc (D:5)
2 creatures vanquished.

Vanquished Creatures (others)
  A lurking horror (D:7)
1 creature vanquished.

Grand Total: 198 creatures vanquished

Notes
Turn   | Place    | Note
-------+----------+-------------------------------------------
     0 | D:1      | thiole the Octopode Hedge Wizard began the quest for the
                  | Orb.
     0 | D:1      | Reached XP level 1. HP: 11/11 MP: 4/4
   142 | D:1      | Reached XP level 2. HP: 12/17 MP: 1/6
   625 | D:1      | Reached XP level 3. HP: 20/21 MP: 1/7
  1511 | D:2      | Found a faded altar of an unknown god.
  1652 | D:2      | Learned a level 2 spell: Call Imp
  1655 | D:2      | Learned a level 2 spell: Slow
  1659 | D:2      | Learned a level 3 spell: Mephitic Cloud
  2295 | D:2      | Reached XP level 4. HP: 27/27 MP: 6/9
  2495 | D:3      | Found a glowing drain.
  2499 | Sewer    | Entered a sewer
  2691 | Sewer    | Reached skill level 1 in Poison Magic
  2754 | Sewer    | Reached skill level 1 in Fighting
  2926 | Sewer    | Reached skill level 1 in Air Magic
  2926 | Sewer    | Reached XP level 5. HP: 31/33 MP: 3/10
  3863 | D:3      | Noticed Sigmund
  4152 | D:3      | Killed Sigmund
  4153 | D:3      | Reached skill level 5 in Stealth
  4153 | D:3      | Reached XP level 6. HP: 23/42 MP: 10/12
  4318 | D:3      | Noticed Robin
  4337 | D:3      | Killed Robin
  4704 | D:3      | Noticed Terence
  4714 | D:3      | Killed Terence
  4715 | D:3      | Reached XP level 7. HP: 38/46 MP: 13/13
  4793 | D:3      | Found a glowing golden altar of the Shining One.
  5975 | D:4      | Found a sparkling altar of Nemelex Xobeh.
  6641 | D:4      | Reached XP level 8. HP: 54/54 MP: 14/14
  6702 | D:5      | Entered Level 5 of the Dungeon
  6830 | D:5      | Reached skill level 5 in Fighting
  7472 | D:6      | Found an ancient bone altar of Kikubaaqudgha.
  7607 | D:6      | Found Qeso's Jewellery Boutique.
  7740 | D:6      | Reached skill level 5 in Dodging
  8633 | D:6      | Found a staircase to the Ecumenical Temple.
  8663 | Temple   | Entered the Ecumenical Temple
  8752 | Temple   | Became a worshipper of Gozag Ym Sagoz the Greedy
  9213 | D:5      | Reached XP level 9. HP: 56/63 MP: 15/15
  9450 | D:5      | Found a shimmering altar of Xom.
  9512 | D:5      | Noticed Pikel
  9536 | D:5      | Killed Pikel
  9537 | D:5      | Reached skill level 1 in Throwing
 10716 | D:7      | Noticed Menkaure
 10733 | D:7      | Killed Menkaure
 10924 | D:7      | Found a corrupted altar of Lugonu.
 10926 | D:7      | Found a one-way gate to the infinite horrors of the Abyss.
 11500 | D:7      | Slain by an orc warrior

Illustrated notes

Levels and vault maps discovered:
D:1:      ebering_hopf_link, layout_rooms, minmay_small_reverse_x
D:2:      layout_loops_ring, chequers_ecumenical_altar_twisty,
          minmay_pentomino_pile
D:3:      layout_loops_ring, nicolae_overflow_crystal_walls,
          gup_sewer_entry_bowl, uniq_robin, uniq_sigmund, uniq_terence
D:4:      layout_basic, nemelex_xobeh_ov_fountains_minmay, kennysheep_crisscross
D:5:      layout_basic, overflow_temple_1_default, hangedman_decor_opposing,
          uniq_pikel
D:6:      layout_loops_ring, minmay_temple_entry_overgrown, serial_shops,
          nicolae_shop_crystal, basic_altar
D:7:      layout_rooms, amcnicky_altar_lugonu_corruption, uniq_menkaure
Temple:   eino_temple_rhombus

Skill      XL: |  1  2  3  4  5  6  7  8  9 |
---------------+----------------------------+-----
Stealth        | 3 4 5 |  5.0
Summonings     | 2 |  2.0
Conjurations   | 2 |  2.0
Poison Magic   | 1 2 |  2.0
Fighting       | 1 3 4 6 8 |  8.4
Air Magic      | 1 2 |  2.0
Spellcasting   | 4 |  4.0
Dodging        | 4 6 8 |  8.0
Throwing       | 2 |  2.6
Translocations | |  1.0

Action                   |  1- 3 |  4- 6 |  7- 9 || total
-------------------------+-------+-------+-------++-------
Melee: Dagger            |    33 |       |       ||    33
       Constrict         |    10 |    44 |    56 ||   110
       Tentacles         |     6 |    27 |    73 ||   106
       Short sword       |     1 |   173 |   383 ||   557
Throw: Dart              |     2 |    48 |   155 ||   205
 Cast: Magic Dart        |    88 |    39 |    30 ||   157
       Call Imp          |       |       |    14 ||    14
       Slow              |       |       |     2 ||     2
       Mephitic Cloud    |       |       |     2 ||     2
Evoke: Wand              |       |       |    16 ||    16
  Use: Potion            |     3 |     5 |     8 ||    16
       Scroll            |       |       |    10 ||    10
 Stab: Sleeping          |       |     3 |     6 ||     9
       Distracted        |       |     1 |       ||     1
Armor: Skin              |     1 |    44 |    87 ||   132
Dodge: Dodged            |    36 |   150 |   257 ||   443
